 Dungeon Crawl Stone Soup version 0.20-a0-3-g334f831 (webtiles) character file.

2886 varam the Quickloader (level 9, -3/75 HPs)
             Began as a Centaur Hunter on Oct 30, 2016.
             Was a Believer of Okawaru.
             Slain by a killer bee (7 damage)
             ... on level 7 of the Dungeon.
             The game lasted 00:22:05 (9773 turns).

varam the Quickloader (Centaur Hunter)              Turns: 9773, Time: 00:22:08

Health: -3/75      AC:  3    Str: 25    XL:     9   Next: 48%
Magic:  8/9        EV: 14    Int: 10    God:    Okawaru [**....]
Gold:   346        SH:  0    Dex: 11    Spells: 0 memorised, 8 levels left

rFire  . . .     SeeInvis .     T - +2 falchion
rCold  . . .     Gourm    .     (no armour)
rNeg   + . .     Faith    .     (no shield)
rPois  .         Spirit   .     (no helmet)
rElec  .         Reflect  .     (no cloak)
rCorr  .         Harm     .     (no gloves)
MR     .....                    (no barding)
Stlth  ++........               (no amulet)
                                (no ring)
                                O - ring "Fuckoac" {+Blink +Inv rN+ Str+8 Slay-4}

@: lethally poisoned (-3 -> -6), heroism, drained, very quick
A: hooves 3, deformed body, speed 2, tough skin 3
a: Heroism, Renounce Religion, Evoke Blink, Evoke Invisibility


You were on level 7 of the Dungeon.
You worshipped Okawaru.
Okawaru was pleased with you.
You were not hungry.

You visited 2 branches of the dungeon, and saw 8 of its levels.

You collected 346 gold pieces.

Inventory:

Hand Weapons
 a - a cursed -3 halberd
 b - a +0 shortbow
 w - a +2 falchion of flaming
 x - a +1 hand crossbow
 T - a +2 falchion (weapon)
Missiles
 c - 16 arrows
 d - 34 bolts
 F - a throwing net (quivered)
Armour
 e - a +0 robe
 u - a +0 leather armour of cold resistance
 I - a +0 centaur barding
 J - a +3 leather armour
 N - a +0 cloak
Jewellery
 f - an uncursed ring of ice
 i - an uncursed ring of resist corrosion
 n - a +3 amulet of reflection
 y - a +2 ring of evasion
 O - the ring "Fuckoac" (left hand) {+Blink +Inv rN+ Str+8 Slay-4}
   (You found it on level 7 of the Dungeon)

   [ring of positive energy]

   It affects your strength (+8).
   It affects your accuracy and damage with ranged weapons and melee attacks
   (-4).
   It protects you from negative energy.
   It lets you turn invisible.
   It lets you blink.
Wands
 z - a wand of slowing (24/48)
 E - a wand of flame (26/48)
 P - a wand of disintegration (11/24)
 X - a wand of acid (5/15)
Scrolls
 g - a scroll of enchant weapon {unknown}
 h - a scroll of recharging {unknown}
 j - 2 scrolls of teleportation
 k - 4 scrolls of identify
 l - 2 scrolls of fog
 m - a scroll of noise {unknown}
 o - 3 scrolls of enchant armour {unknown}
 s - 2 scrolls of remove curse
 v - 3 scrolls of amnesia
 G - a scroll of fear {unknown}
 H - a scroll of immolation {unknown}
 R - a scroll of summoning {unknown}
 S - a scroll of magic mapping {unknown}
Potions
 p - 2 potions of invisibility {unknown}
 q - a potion of agility
 r - a potion of curing
 t - a potion of magic
 A - a potion of haste {unknown}
 C - a potion of mutation {unknown}
 D - a potion of ambrosia {unknown}
 K - a potion of might {unknown}
 L - a potion of flight {unknown}
 M - a potion of beneficial mutation {unknown}
 Y - a potion of heal wounds {unknown}
Books
 B - a book of Callings

   Spells                             Type                      Level
   a - Summon Small Mammal            Summoning                    1
   b - Call Imp                       Summoning                    2
   c - Call Canine Familiar           Summoning                    3
   d - Summon Guardian Golem          Hexes/Summoning              3
   e - Summon Lightning Spire         Summoning/Air                4
   f - Summon Ice Beast               Ice/Summoning                4
Comestibles
 Q - a beef jerky
 U - 4 bread rations
 V - 4 meat rations
 W - a slice of pizza
 Z - 2 chunks of flesh


   Skills:
 - Level 6.0(10.8) Fighting
 + Level 4.4(9.2) Long Blades
 - Level 10.0(14.8) Crossbows
 + Level 3.5(8.3) Armour
 + Level 3.9(8.8) Dodging
 - Level 0.4(5.3) Stealth


You had 8 spell levels left.
You didn't know any spells.

Dungeon Overview and Level Annotations

Branches:
Dungeon (7/15)             Temple (1/1) D:6

Altars:
Ashenzari
Cheibriados
Dithmenos
Elyvilon
Fedhas
Gozag
Hepliaklqana
Kikubaaqudgha
Nemelex Xobeh
Okawaru
Qazlal
Ru
Sif Muna
Trog
Uskayaw
Vehumet
Xom
Yredelemnul
Zin
The Shining One


Innate Abilities, Weirdness & Mutations

You have hooves in place of feet.
Armour fits poorly on your strangely shaped body.
You cover ground very quickly.
You have extremely tough skin. (AC +3)


Message History

You kick the killer bee, but do no damage.
The killer bee is heavily wounded.
The killer bee closely misses you. x2; You riposte.
You hit the killer bee. Your kick misses the killer bee.
The killer bee is almost dead.
You feel sick. The killer bee barely misses you.
You riposte.
You closely miss the killer bee. Your kick misses the killer bee.
The killer bee stings you.
* * * LOW HITPOINT WARNING * * *
You feel sick.
You feel sick. The killer bee stings you.
* * * LOW HITPOINT WARNING * * *
You feel better. The killer bee stings you!
* * * LOW HITPOINT WARNING * * *
You are poisoned.
The killer bee poisons you! The killer bee barely misses you.
The killer bee stings you!
* * * LOW HITPOINT WARNING * * *
The killer bee stings you!
You die...

#.# #. #.######## ## #.
####......... .. #.#
#.....########.. #..
#.###.# .. ##.... #.#
##.# ...## #.## #..#
#..## #..#####.#
...####@.#####...##..###
.......yyy...###....###.
##.#####...#........###.
#....y.(...............
##########.##..####)...
#.##.##l....##
#.#...o.###..#
#...#.#####...
######..o.........


You could see 3 killer bees.

Vanquished Creatures
  Pikel (D:7)
  Duvessa (D:7)
  An orc warrior (D:6)
  A slave (D:7)
  A necrophage (D:7)
  An ice beast (D:7)
  A phantom (D:6)
  2 centaurs
  5 ogres
  2 bullfrogs
  Dowan (D:7)
  A scorpion (D:6)
  3 wights (D:7)
  4 killer bees (D:7)
  A howler monkey (D:5)
  A crimson imp (D:7)
  5 orc priests
  5 hounds
  Crazy Yiuf (D:6)
  A jelly (D:6)
  3 iguanas
  2 worker ants
  2 orc wizards
  A hound zombie (D:7)
  6 adders
  4 gnolls
  3 shadow imps
  3 oozes
  An adder skeleton (D:4)
  An adder zombie (D:5)
  A worm (D:2)
  4 dart slugs
  5 leopard geckos
  18 orcs
  6 giant cockroaches
  8 goblins
  9 hobgoblins
  6 jackals
  A quokka (D:4)
  9 bats
  4 frilled lizards
  A jackal skeleton (D:4)
  10 kobolds
  A quokka zombie (D:5)
  7 rats
155 creatures vanquished.

Vanquished Creatures (others)
  A slave (D:7)
  A scorpion (D:4)
  An electric eel (D:7)
  An orc priest (D:4)
  A gnoll (D:4)
  A giant cockroach (D:4)
  A leopard gecko zombie (D:7)
7 creatures vanquished.

Grand Total: 162 creatures vanquished

Notes
Turn   | Place    | Note
-------+----------+-------------------------------------------
     0 | D:1      | varam the Centaur Hunter began the quest for the Orb.
     0 | D:1      | Reached XP level 1. HP: 17/17 MP: 1/1
    89 | D:1      | HP: 1/17 [jackal (1)]
   649 | D:1      | Reached XP level 2. HP: 24/24 MP: 2/2
   682 | D:1      | Reached skill level 5 in Crossbows
  1364 | D:1      | Reached XP level 3. HP: 25/30 MP: 3/3
  1868 | D:2      | Reached skill level 3 in Fighting
  1868 | D:2      | Reached XP level 4. HP: 29/38 MP: 4/4
  1990 | D:2      | Found a deep blue altar of Sif Muna.
  2085 | D:2      | Found a shadowy altar of Dithmenos.
  2182 | D:2      | You fall through a shaft!
  2660 | D:3      | Reached skill level 6 in Crossbows
  2676 | D:3      | HP: 3/38 [poisoned by an adder]
  2684 | D:3      | HP: 2/38 [poisoned by an adder]
  3150 | D:3      | Found a bloodstained altar of Trog.
  3238 | D:3      | Found a glowing golden altar of the Shining One.
  3473 | D:5      | Entered Level 5 of the Dungeon
  3684 | D:5      | Noticed an ogre
  3707 | D:5      | Killed an ogre
  3707 | D:5      | Reached XP level 5. HP: 32/46 MP: 5/5
  3934 | D:5      | Reached skill level 4 in Fighting
  3934 | D:5      | Reached skill level 7 in Crossbows
  3934 | D:5      | Reached XP level 6. HP: 36/52 MP: 6/6
  3942 | D:5      | HP: 3/52 [shadow imp/nerve-wracking pain (9)]
  4529 | D:4      | Found a shimmering altar of Xom.
  4683 | D:4      | HP: 1/53 [worker ant (5)]
  5418 | D:4      | Reached XP level 7. HP: 38/60 MP: 7/7
  5539 | D:4      | Reached skill level 8 in Crossbows
  5850 | D:5      | Reached skill level 5 in Fighting
  6517 | D:6      | Reached skill level 9 in Crossbows
  6993 | D:6      | Reached XP level 8. HP: 67/70 MP: 8/8
  7153 | D:6      | Found a staircase to the Ecumenical Temple.
  7215 | Temple   | Entered the Ecumenical Temple
  7351 | Temple   | Became a worshipper of Warmaster Okawaru
  7392 | D:6      | Reached skill level 6 in Fighting
  7469 | D:6      | Reached skill level 1 in Long Blades
  7595 | D:6      | Found a runed door.
  7672 | D:6      | Noticed Crazy Yiuf
  7693 | D:6      | Killed Crazy Yiuf
  7893 | D:7      | Reached skill level 10 in Crossbows
  8040 | D:7      | Reached skill level 2 in Long Blades
  8229 | D:7      | Reached skill level 1 in Armour
  8229 | D:7      | Reached skill level 2 in Dodging
  8415 | D:7      | Got a translucent jade ring
  8439 | D:7      | Reached * piety under Okawaru
  8493 | D:7      | Reached skill level 2 in Armour
  8762 | D:7      | Reached skill level 3 in Long Blades
  8901 | D:7      | Reached XP level 9. HP: 75/75 MP: 9/9
  8935 | D:7      | Noticed Dowan
  8940 | D:7      | Killed Dowan
  8940 | D:7      | Reached skill level 3 in Dodging
  8944 | D:7      | Noticed Duvessa
  8991 | D:7      | Killed Duvessa
  9376 | D:7      | Reached ** piety under Okawaru
  9501 | D:7      | Noticed Pikel
  9530 | D:7      | Killed Pikel
  9530 | D:7      | Reached skill level 4 in Long Blades
  9530 | D:7      | Reached skill level 3 in Armour
  9640 | D:7      | Identified the ring "Fuckoac" {+Blink +Inv rN+ Str+8 Slay-4} (You found it on level 7 of the Dungeon)
  9773 | D:7      | HP: 4/75 [killer bee (7)]
  9773 | D:7      | Slain by a killer bee

Vault maps used:
D:1:      minmay_arrival_cross, minmay_door_square, minmay_misc_feat_columns
D:2:      lemuel_crystal_altar, first_bread, st_stairs_4, grunt_ministairs_1,
          grunt_dithmenos_smoke
D:3:      tso_metal_star, bloody_trog
D:4:      xom_confusion_cloud
D:6:      uniq_crazy_yiuf_cottage
D:7:      kennysheep_small_spiral, kennysheep_small_circle, uniq_pikel,
          uniq_duvessa
Temple:   regret_index_temple_mists

Skill      XL: |  1  2  3  4  5  6  7  8  9 |
---------------+----------------------------+-----
Crossbows      | 5 6 7 9 10 | 10.0
Fighting       | 3 4 5 6 |  6.0
Long Blades    | 3 4 |  4.4
Armour         | 2 3 |  3.5
Dodging        | 2 3 |  3.9
Stealth        | |  0.4

Action                   |  1- 3 |  4- 6 |  7- 9 || total
-------------------------+-------+-------+-------++-------
Melee: Short sword       |   154 |   114 |       ||   268
       Kick              |    21 |    44 |    78 ||   143
       Falchion          |       |    76 |   245 ||   321
 Fire: Hand crossbow     |    11 |    36 |   122 ||   169
Invok: Heroism           |       |       |     3 ||     3
  Use: Potion            |       |     1 |     1 ||     2
       Scroll            |       |       |     8 ||     8
  Eat: Chunk             |     2 |     6 |    12 ||    20
       Bread ration      |       |     1 |       ||     1
Armor: Leather armour    |    78 |    55 |   127 ||   260
       Skin              |       |       |     1 ||     1
Dodge: Dodged            |    81 |   107 |   150 ||   338
Block: Other             |     4 |    39 |    33 ||    76
       Reflection        |       |       |     3 ||     3
       Rpst.: Falchion   |       |    17 |    50 ||    67
